 Dungeon Crawl Stone Soup version 0.27-a0-1200-g94dc6ad4cf (webtiles) character file.

Game seed: 5075422055304922985

483 bilbop the Sneak (level 7, -1/49 HPs)
             Began as a Djinni Venom Mage on May 31, 2021.
             Was an Initiate of Yredelemnul.
             Slain by a phantom (4 damage)
             ... on level 4 of the Dungeon.
             The game lasted 00:20:41 (6228 turns).

bilbop the Sneak (Djinni Venom Mage)                Turns: 6228, Time: 00:20:41

Health: -1/49      AC:  3    Str:  8    XL:     7   Next: 34%
Gold:   166        EV: 11    Int: 17    God:    Yredelemnul [......] SH:  4 Dex: 14

rFire    + + .     SeeInvis .   m - +1 dagger (venom)
rCold    x . .     Faith    .   r - +0 buckler
rNeg     . . .     Spirit   .   f - +0 leather armour
rPois    ∞         Reflect  .   (no helmet)
rElec    .         Harm     .   (no cloak)
rCorr    .         Rampage  .   (no gloves)
Will     .....                  (boots unavailable)
Stlth    ++........             (no amulet)
HPRegen  0.16/turn              (no ring)
MPRegen  0.00/turn              (no ring)

@: flying
A: sickness immunity, fire resistance 2, cold vulnerability 1, float, innate
caster, hp casting, extra vitality 1
a: Renounce Religion


You were on level 4 of the Dungeon.
You worshipped Yredelemnul.
Yredelemnul was noncommittal.
You visited 2 branches of the dungeon, and saw 6 of its levels.

You collected 166 gold pieces.

Inventory:

Hand Weapons
 c - a +0 dagger
 m - a +1 dagger of venom (weapon)
Missiles
 d - 4 curare-tipped darts
Armour
 a - a +0 robe
 f - a +0 leather armour (worn)
 r - a +0 buckler (worn)
Scrolls
 b - 3 scrolls of teleportation {unknown}
 i - a scroll of blinking {unknown}
 n - 3 scrolls of identify {unknown}
 q - a scroll of noise {unknown}
Potions
 e - 3 potions of heal wounds {unknown}
 g - 4 potions of haste {unknown}
 h - 2 potions of curing {unknown}
 j - 2 potions of attraction {unknown}
 k - a potion of lignification {unknown}
 l - a potion of degeneration {unknown}
 o - a potion of invisibility {unknown}
 p - a potion of might {unknown}


   Skills:
 + Level 2.6 Fighting
 + Level 2.3 Short Blades
 - Level 2.1 Dodging
 * Level 4.1 Stealth
 + Level 1.5 Shields
 + Level 3.3 Spellcasting
 + Level 1.7 Invocations


You couldn't memorise any spells.
You knew the following spells:

 Your Spells              Type           Power      Damage    Failure   Level
a - Sting                 Tmut/Pois      56%        1d5       9%          1
b - Poisonous Vapours     Pois/Air       28%        N/A       13%         2
c - Mephitic Cloud        Conj/Pois/Air  14%        N/A       26%         3
d - Ignite Poison         Fire/Tmut/Pois 14%        N/A       26%         3
e - Olgreb's Toxic Radia  Pois           14%        N/A       65%         4
f - Sandblast             Erth           28%        2d8       9%          1
g - Call Imp              Summ           14%        N/A       13%         2
h - Ensorcelled Hibernat  Hex/Ice        28%        N/A       13%         2
Your spell library was empty.

Dungeon Overview and Level Annotations

Branches:
Dungeon (5/15)             Temple (1/1) D:4

Altars:
Ashenzari
Cheibriados
Dithmenos
Elyvilon
Fedhas
Gozag
Hepliaklqana
Kikubaaqudgha
Makhleb
Nemelex Xobeh
Okawaru
Qazlal
Ru
Sif Muna
Uskayaw
Vehumet
Wu Jian
Xom
Yredelemnul
Zin
The Shining One


Innate Abilities, Weirdness & Mutations

You are immune to sickness and miasma.
You are immune to poison.
Your flesh is very heat resistant. (rF++)
You are vulnerable to cold. (rC-)
You float through the air rather than walking.
You learn spells naturally, not from books.
Your magical power is your life essence.
You have superior vitality. (+4 HP)


Message History

Casting: Call Imp (safe; 16% risk of failure)
Confirm with . or Enter, or press ? or * to list all spells.
The spell is quite dangerous to cast (30% risk of failure)!
Continue anyway?
You ignite the poison in your surroundings!
The hornet seems to burn from within!!
You kill the hornet!
Yredelemnul accepts your kill.
* * * LOW HITPOINT WARNING * * *
Your Stealth skill increases to level 4!
Your Shields skill increases to level 1!
You have reached level 7!
The power to cast Ensorcelled Hibernation wells up from within.
Spell assigned to 'h'.
Casting: Ignite Poison (dangerous; 26% risk of failure)
Confirm with . or Enter, or press ? or * to list all spells.
You can't see any susceptible monsters within range! (Use Z to cast anyway.)
Casting: Ignite Poison (dangerous; 26% risk of failure)
Confirm with . or Enter, or press ? or * to list all spells.
Okay, then.
Casting: Ignite Poison (dangerous; 26% risk of failure)
Confirm with . or Enter, or press ? or * to list all spells.
A beastly little devil appears in a puff of flame.
* * * LOW HITPOINT WARNING * * *
You block the phantom's attack.
You swap places.
The phantom hits your crimson imp.
Your crimson imp hits the phantom.
The phantom hits your crimson imp.
The phantom blinks!
Your crimson imp blinks!
Your crimson imp closely misses the phantom.
Your magical contamination has completely faded away.
Your crimson imp blinks!
Your crimson imp blinks!
There is a stone staircase leading up here.
The phantom hits you!
* * * LOW HITPOINT WARNING * * *
You fly upwards.
There is a stone staircase leading down here.
You closely miss the phantom. The phantom hits you.
You die...
Your body rises from the dead as a mindless zombie.

......# ##.##
......# #..#
#.....# ##..##
###...# #....#
##### #....#
##....# #.....#
############
#..W..#
...........#
##.@.##
...........## ##..#
............## #.##
........:....###..#
.............##..##
................##
...............##
..............##
..............####


You could see a phantom.

Vanquished Creatures
  A hornet (D:5)
  A howler monkey (D:5)
  A centaur zombie (D:5)
  An orc wizard (D:5)
  A gnoll (D:1)
  8 adders
  A white imp (D:4)
  A worm (D:2)
  2 orcs
  4 ball pythons
  4 bats
  8 endoplasms
  4 giant cockroaches
  9 goblins
  4 hobgoblins
  4 jackals (D:1)
  5 kobolds
  3 quokkas
  2 frilled lizards (D:1)
  5 rats
69 creatures vanquished.

Vanquished Creatures (collateral kills)
  A bullfrog skeleton (D:4)
  An adder skeleton (D:4)
  An endoplasm (D:3)
  A goblin (D:3)
  2 hobgoblins (D:3)
  A jackal (D:3)
  A kobold (D:3)
  A quokka zombie (D:3)
9 creatures vanquished.

Grand Total: 78 creatures vanquished

Notes
Turn   | Place    | Note
-------+----------+-------------------------------------------
     0 | D:1      | bilbop the Djinni Venom Mage began the quest for the Orb.
     0 | D:1      | Reached XP level 1. HP: 15/15 MP: 0/0
   184 | D:1      | Reached XP level 2. HP: 17/22 MP: 0/0
   301 | D:1      | Reached skill level 2 in Stealth
   354 | D:1      | Reached XP level 3. HP: 26/26 MP: 0/0
   354 | D:1      | Learned a level 1 spell: Sandblast
   430 | D:1      | Reached skill level 1 in Fighting
  1053 | D:1      | Reached skill level 1 in Short Blades
  1435 | D:2      | Reached XP level 4. HP: 26/32 MP: 0/0
  2865 | D:3      | Reached XP level 5. HP: 33/37 MP: 0/0
  2865 | D:3      | Learned a level 2 spell: Call Imp
  3021 | D:3      | Reached skill level 3 in Stealth
  3950 | D:3      | Found a faded altar of an unknown god.
  4036 | D:4      | Found a staircase to the Ecumenical Temple.
  4046 | Temple   | Entered the Ecumenical Temple
  4347 | Temple   | Became a worshipper of Yredelemnul the Dark
  5611 | D:5      | Entered Level 5 of the Dungeon
  5646 | D:5      | Noticed an ogre
  5814 | D:5      | Found a sacrificial altar of Ru.
  5828 | D:5      | Reached XP level 6. HP: 40/43 MP: 0/0
  5895 | D:5      | Reached skill level 1 in Invocations
  5946 | D:5      | Noticed an ogre
  6203 | D:5      | Noticed a hornet
  6210 | D:5      | Killed a hornet
  6211 | D:5      | Reached skill level 4 in Stealth
  6211 | D:5      | Reached skill level 1 in Shields
  6211 | D:5      | Reached XP level 7. HP: 11/49 MP: 0/0
  6211 | D:5      | Learned a level 2 spell: Ensorcelled Hibernation
  6228 | D:4      | Slain by a phantom

Illustrated notes

Levels and vault maps discovered:
D:1:      lemuel_arrival_cross, layout_basic
D:2:      layout_loops_ring, corexii_shack
D:3:      layout_basic, shapermc_ecumenical_altar_mp_vishouse, chequers_garden,
          minmay_randomly_rotated_circles
D:4:      layout_cave_pods, minmay_temple_entry_poolview
D:5:      wander_river, layout_loops_cross, hangedman_feature_mirror,
          minmay_fractal_squares_diagonal_5
Temple:   roderic_octagonal_lattice_temple

Skill      XL: |  1  2  3  4  5  6 |
---------------+-------------------+-----
Stealth        | 2 3 4 |  4.1
Fighting       | 1 2 |  2.6
Short Blades   | 1 2 |  2.3
Spellcasting   | 3 |  3.3
Invocations    | 1 |  1.7
Shields        | 1 |  1.5
Dodging        | |  2.1

Action                   |  1- 3 |  4- 6 |  7- 9 || total
-------------------------+-------+-------+-------++-------
Melee: Dagger            |    27 |   126 |     1 ||   154
 Cast: Sting             |    41 |    30 |       ||    71
       Poisonous Vapours |       |     8 |       ||     8
       Call Imp          |       |    26 |     1 ||    27
       Ignite Poison     |       |     1 |       ||     1
 Stab: Sleeping          |     3 |     7 |       ||    10
       Distracted        |       |     1 |       ||     1
Armor: Robe              |    11 |     1 |       ||    12
       Leather armour    |       |    45 |       ||    45
Dodge: Dodged            |    28 |    87 |       ||   115
Block: Buckler           |       |     6 |     1 ||     7

Table legend: (Time is in decaauts)
 A = Elapsed time spent in this place.
 B = Non-inter-level travel time spent in this place.
 C = Inter-level travel time spent in this place.
 D = Time resting spent in this place.
 E = Time spent auto-exploring this place.
 F = Levels seen in this place.
 G = Mean time per level.
                   A        B        C        D        E       F      G
               +--------+--------+--------+--------+--------+-----+--------+
         Total |   6221 |   5983 |    238 |   1609 |   3649 |   6 | 1036.8 |
       Dungeon |   5902 |   5706 |    196 |   1609 |   3375 |   5 | 1180.4 |
        Temple |    318 |    276 |     42 |      0 |    274 |   1 |  318.0 |
               +--------+--------+--------+--------+--------+-----+--------+

Top non-repeatable levels by time:
     D:4: 1663 daAuts
     D:3: 1487 daAuts
     D:1: 1352 daAuts
     D:2: 1184 daAuts
  Temple: 318 daAuts
     D:5: 214 daAuts
